 Dungeon Crawl Stone Soup version 0.28-a0-794-gafe8c5f9e9 (webtiles) character file.

Game seed: 14772223519624260194

2990 flotson the Skirmisher (level 9, -4/71 HPs)
             Began as a Demonspawn Delver on Nov 5, 2021.
             Was an Initiate of Gozag.
             Slain by a sixfirhy (12 damage)
             ... on level 2 of the Abyss.
             The game lasted 00:13:48 (6614 turns).

flotson the Skirmisher (Demonspawn Delver)          Turns: 6614, Time: 00:13:50

Health: -4/71      AC: 11    Str: 16      XL:     9   Next: 53%
Magic:  9/9        EV: 12    Int:  8 (9)  God:    Gozag
Gold:   260        SH:  0    Dex: 15      Spells: 8/8 levels left

rFire   + . .      SeeInvis .   f - +0 dagger (elec)
rCold   . . .      Faith    .   (no shield)
rNeg    . . .      Spirit   .   p - +1 scale mail {rF+}
rPois   .          Reflect  .   (helmet restricted)
rElec   .          Harm     +   A - scarf {harm}
rCorr   .          Rampage  .   B - +0 pair of gloves
Will    .....      Rnd*Tele +   (no boots)
Stlth   +.........              (no amulet)
HPRegen 0.00/turn               (no ring)
MPRegen 0.11/turn               (no ring)

@: sick, unable to read
A: antennae 2, yellow scales 1, powered by death 1, spiny 1, dopey 1,
teleportitis 1, inability to read while threatened, devolution 1
a: Renounce Religion, Potion Petition, Call Merchant, Bribe Branch


You were on level 2 of the Abyss.
You worshipped Gozag.
Gozag was aware of your devotion.
You visited 2 branches of the dungeon, and saw 8 of its levels.
You visited the Abyss 1 time.
You also visited: Sewer.

You collected 335 gold pieces.
You paid 75 gold pieces to Gozag.

Inventory:

Hand Weapons
 a - a +0 hand axe
 b - a +0 trident
 f - a +0 dagger of electrocution (weapon)
 E - a +3 trident
 K - a +0 hand crossbow
Missiles
 i - 35 poisoned darts (quivered)
 o - 5 atropa-tipped darts
 C - 3 javelins
 L - 27 bolts
Armour
 p - a +1 scale mail of fire resistance (worn)
 A - a scarf of harm (worn)
 B - a +0 pair of gloves (worn)
Jewellery
 D - a ring of fire
Wands
 g - a wand of digging (3)
 h - a wand of acid (4)
Scrolls
 c - a scroll of fog
 d - 9 scrolls of identify {unknown}
 e - 3 scrolls of fear
 k - a scroll of torment {unknown}
 m - a scroll of immolation {unknown}
 q - 2 scrolls of noise {unknown}
 r - a scroll of holy word {unknown}
 t - a scroll of silence {unknown}
 u - 2 scrolls of blinking {unknown}
 w - 2 scrolls of vulnerability {unknown}
 x - a scroll of enchant armour {unknown}
 y - 4 scrolls of teleportation {unknown}
 G - a scroll of amnesia {unknown}
 J - a scroll of brand weapon {unknown}
Potions
 j - 2 potions of attraction {unknown}
 l - 3 potions of curing {unknown}
 n - 2 potions of lignification {unknown}
 s - 2 potions of might {unknown}
 v - a potion of ambrosia {unknown}
 z - 4 potions of haste
 F - a potion of brilliance {unknown}
 H - 2 potions of cancellation {unknown}
 I - 2 potions of heal wounds {unknown}
 M - a potion of experience {unknown}


   Skills:
 + Level 6.7 Fighting
 - Level 1.7 Axes
 + Level 5.0 Throwing
 + Level 5.3 Armour
 + Level 5.8 Dodging
 - Level 4.5 Stealth
 + Level 5.9 Evocations


You had 8 spell levels left.
You didn't know any spells.
Your spell library was empty.

Dungeon Overview and Level Annotations

Branches:
Dungeon (7/15)             Temple (1/1) D:4           Sewer (visited)

Altars:
Ashenzari
Cheibriados
Elyvilon
Fedhas
Gozag
Hepliaklqana
Kikubaaqudgha
Makhleb
Nemelex Xobeh
Qazlal
Ru
Sif Muna
Uskayaw
Vehumet
Wu Jian
Xom
Yredelemnul
Zin
The Shining One

Shops:
D:6 [=

Annotations:
D:7 Maggie


Innate Abilities, Weirdness & Mutations

You have a pair of antennae on your head.
You are partially covered in yellow scales. (AC +2)
You regenerate a little health from kills.
You are partially covered in sharp spines.
You are dopey. (Int -2)
You are occasionally teleported next to monsters.
You sometimes lose the ability to read scrolls when taking damage.
You have hidden genetic defects.


Message History

The ancient zyme is struck by your spines.
The ancient zyme hits you but does no damage. x2
Found 51 gold pieces.
The ancient zyme is struck by your spines.
The ancient zyme misses you. The ancient zyme closely misses you.
You feel ill.
You feel ill. The neqoxec gestures at you.
Strange energies course through your body.
You feel a hidden malignance growing inside you.
Found a worn wooden wand and a scroll labelled UMAGOW JALYA.
The neqoxec gestures at you.
You feel dopey. Something feeds on your intellect!
You feel ill.
A tentacled starspawn comes into view.
You see here a scroll labelled UMAGOW JALYA.
d - 9 scrolls labelled UMAGOW JALYA (gained 1)
The ancient zyme is struck by your spines.
The ancient zyme hits you! The ancient zyme barely misses you.
A tentacle flies out from the starspawn's body!
A starspawn tentacle comes into view.
The ancient zyme hits you. The ancient zyme hits you!
You feel threatened and lose the ability to read scrolls!
An iron imp and a thrashing horror come into view.
A tentacle flies out from the starspawn's body!
A starspawn tentacle comes into view.
The iron imp shouts, "Crawl home, thou mewling flat-headed guttersnipe!"
A sixfirhy comes into view.
You can read scrolls again.
You feel ill.
Okay, then.
The sixfirhy hits you. The sixfirhy shocks you!
The sixfirhy is struck by your spines. The sixfirhy hits you!
You feel threatened and lose the ability to read scrolls!
* * * LOW HITPOINT WARNING * * *
The sixfirhy shocks you!
* * * LOW HITPOINT WARNING * * *
The sixfirhy hits you!
You die...
Your body crumbles into a pile of gold.

. # . ### ..#. ..####
.. ....####.#...##..
........#.#..#
.....#....# ##
##...#.XΛ#§...# $
#.5.#{w/.\.#..#
#@3#x#w\##>.#
#......#.#....\│3#
####.
#..#...#.##.###X.#....
# ....##.#..# .#..#..
. ##..# ..#..{...#
...... #.#
..####.#...#.###§ ##
... # ##.#. #.. .
##..#.. §..#...#.. ..
#.§###... #


You could see a sixfirhy and an iron imp.

Vanquished Creatures
  Pikel (D:6)
  Sigmund (D:3)
  A water moccasin (D:5)
  An orc warrior (D:6)
  A hornet zombie (D:6)
  A black bear (D:4)
  3 ogres
  2 necrophages
  A centaur (D:7)
  A lemure (D:6)
  A phantom (D:5)
  A kobold brigand (Sewer)
  A bullfrog (D:4)
  5 wights (D:6)
  A killer bee (D:6)
  6 hounds
  A gnoll shaman (D:6)
  3 orc priests
  2 jellies
  A bullfrog skeleton (D:5)
  3 iguanas
  6 orc wizards
  A scorpion zombie (D:5)
  Terence (D:2)
  A howler monkey zombie (D:6)
  6 gnolls
  13 adders
  A river rat (D:6)
  A white imp (D:5)
  An ufetubus (D:4)
  3 worms
  2 dart slugs
  14 orcs
  5 bats
  13 endoplasms
  4 giant cockroaches
  4 goblins
  4 hobgoblins
  6 jackals
  4 quokkas
  6 ball pythons
  4 frilled lizards
  20 kobolds
  7 rats
165 creatures vanquished.

Vanquished Creatures (others)
  3 starspawn tentacles (Abyss:2)
3 creatures vanquished.

Grand Total: 168 creatures vanquished

Notes
Turn   | Place    | Note
-------+----------+-------------------------------------------
     0 | D:5      | flotson the Demonspawn Delver began the quest for the Orb.
     0 | D:5      | Reached XP level 1. HP: 18/18 MP: 1/1
    14 | D:5      | Noticed a phantom
    61 | D:5      | Noticed a hound
   174 | D:4      | Noticed an orc priest
   175 | D:4      | Noticed an orc wizard
   186 | D:4      | Noticed an iguana
   189 | D:4      | Killed an iguana
   190 | D:4      | Reached skill level 1 in Armour
   190 | D:4      | Reached skill level 1 in Evocations
   190 | D:4      | Gained mutation: You are partially covered in yellow
                  | scales. (AC +2) [demonic ancestry]
   190 | D:4      | Reached XP level 2. HP: 24/24 MP: 2/2
   336 | D:3      | Reached XP level 3. HP: 29/29 MP: 3/3
   532 | D:1      | Found a faded altar of an unknown god.
   564 | D:1      | Gained mutation: You are partially covered in sharp spines.
                  | [demonic ancestry]
   564 | D:1      | Reached XP level 4. HP: 35/35 MP: 4/4
  1559 | D:2      | Noticed Terence
  1644 | D:2      | Killed Terence
  1645 | D:2      | Gained mutation: You have a pair of small antennae on your
                  | head. [demonic ancestry]
  1645 | D:2      | Reached XP level 5. HP: 32/42 MP: 5/5
  1937 | D:3      | Found a shimmering blue altar of Sif Muna.
  1995 | D:3      | Reached skill level 1 in Throwing
  2295 | D:3      | Found an ornate altar of the Wu Jian Council.
  2482 | D:3      | Noticed Sigmund
  2504 | D:3      | Killed Sigmund
  2505 | D:3      | Reached skill level 4 in Fighting
  2505 | D:3      | Gained mutation: You have a pair of antennae on your head.
                  | [demonic ancestry]
  2505 | D:3      | Reached XP level 6. HP: 22/48 MP: 6/6
  3371 | D:4      | Reached XP level 7. HP: 52/55 MP: 7/7
  3418 | D:4      | Found a burning altar of Makhleb.
  3599 | D:4      | Found a staircase to the Ecumenical Temple.
  3615 | Temple   | Entered the Ecumenical Temple
  3947 | D:5      | Reached skill level 5 in Fighting
  4072 | D:5      | Gained mutation: You regenerate a little health from kills.
                  | [demonic ancestry]
  4072 | D:5      | Reached XP level 8. HP: 36/62 MP: 8/8
  5007 | D:6      | Reached skill level 5 in Dodging
  5013 | D:6      | Reached skill level 5 in Evocations
  5054 | D:6      | Found Jakhlifa's Antique Armour Shop.
  5083 | D:6      | Reached skill level 6 in Fighting
  5103 | D:6      | Reached XP level 9. HP: 26/69 MP: 9/9
  5103 | D:6      | Found Beewiq's Jewellery Shop.
  5170 | D:6      | Found a glowing drain.
  5192 | Sewer    | Entered a sewer
  5769 | D:6      | Found an opulent altar of Gozag.
  5797 | D:6      | Became a worshipper of Gozag Ym Sagoz the Greedy
  6218 | D:7      | Noticed Pikel
  6254 | D:6      | Killed Pikel
  6255 | D:6      | Reached skill level 5 in Armour
  6485 | D:6      | Reached skill level 5 in Throwing
  6522 | D:7      | Noticed Maggie
  6532 | D:7      | Cast into level 2 of the Abyss (Maggie)
  6554 | Abyss:2  | Noticed a tyrant leech
  6561 | Abyss:2  | Gained mutation: You are dopey. (Int -2) [a neqoxec]
  6575 | Abyss:2  | Gained mutation: You sometimes lose the ability to read
                  | scrolls when taking damage. [a neqoxec]
  6577 | Abyss:2  | Noticed an ancient zyme
  6578 | Abyss:2  | Gained mutation: You are occasionally teleported next to
                  | monsters. [a neqoxec]
  6594 | Abyss:2  | Gained mutation: You have hidden genetic defects. [a
                  | neqoxec]
  6605 | Abyss:2  | Noticed a tentacled starspawn
  6609 | Abyss:2  | Noticed a thrashing horror
  6610 | Abyss:2  | Noticed a sixfirhy
  6614 | Abyss:2  | Slain by a sixfirhy

Illustrated notes

Levels and vault maps discovered:
D:1:      arrival_zaba_pyramid, layout_basic, dreamdust_ecumenical_altar_statues
D:2:      layout_rooms, kennysheep_generic_room_8, uniq_terence
D:3:      layout_basic, mainiacjoe_overflow_cross_hatched,
          mainiacjoe_overflow_concentric_impassable, minmay_tree_intersection,
          grunt_ministairs_7, uniq_sigmund
D:4:      layout_loops_ring, lemuel_doored_altar,
          minmay_temple_entry_glassed_door
D:5:      layout_loops_cross, good_gods_temple_1
D:6:      layout_basic, grunt_gozag_statues, portal_sewer_entry_a, serial_shops,
          nicolae_shop_stone, shop
D:7:      layout_basic, serial_curves, eino_curves_03, eino_curves_03,
          uniq_pikel, uniq_maggie, uniq_harold
Temple:   nicolae_temple_no_exploring_needed
Abyss:2:  base: D:5, hangedman_stitches_earthworm, evilmike_abyss_exit_3

Skill      XL: |  1  2  3  4  5  6  7  8  9 |
---------------+----------------------------+-----
Armour         | 1 2 3 4 5 |  5.3
Dodging        | 2 3 4 5 |  5.8
Evocations     | 1 2 3 4 5 |  5.9
Throwing       | 1 2 3 4 5 |  5.0
Fighting       | 4 5 6 |  6.7
Axes           | |  1.7
Stealth        | |  4.5

Action                   |  1- 3 |  4- 6 |  7- 9 || total
-------------------------+-------+-------+-------++-------
Melee: Hand axe          |     8 |       |       ||     8
       Dagger            |    31 |   147 |   249 ||   427
       Trident           |     1 |       |       ||     1
Throw: Dart              |       |     7 |     3 ||    10
Evoke: Wand              |     2 |     1 |     1 ||     4
  Use: Scroll            |     1 |       |       ||     1
       Potion            |     1 |       |       ||     1
 Stab: Sleeping          |     5 |     5 |     1 ||    11
Armor: Leather armour    |    13 |    14 |       ||    27
       Scale mail        |       |    34 |   105 ||   139
Dodge: Dodged            |    23 |    67 |   128 ||   218

Table legend: (Time is in decaauts)
 A = Elapsed time spent in this place.
 B = Non-inter-level travel time spent in this place.
 C = Inter-level travel time spent in this place.
 D = Time resting spent in this place.
 E = Time spent auto-exploring this place.
 F = Levels seen in this place.
 G = Mean time per level.
                   A        B        C        D        E       F      G
               +--------+--------+--------+--------+--------+-----+--------+
         Total |   6627 |   6400 |    227 |    486 |   4400 |  10 |  662.7 |
       Dungeon |   6157 |   5930 |    227 |    486 |   4106 |   7 |  879.6 |
        Temple |      1 |      1 |      0 |      0 |      0 |   1 |    1.0 |
         Abyss |     81 |     81 |      0 |      0 |     15 |   1 |   81.0 |
         Sewer |    387 |    387 |      0 |      0 |    279 |   1 |  387.0 |
               +--------+--------+--------+--------+--------+-----+--------+

Top non-repeatable levels by time:
     D:3: 1347 daAuts
     D:6: 1228 daAuts
     D:5: 1023 daAuts
     D:4: 935 daAuts
     D:1: 912 daAuts
     D:2: 669 daAuts
   Sewer: 387 daAuts
 Abyss:2: 81 daAuts
     D:7: 40 daAuts
  Temple: 1 daAuts
